 Dungeon Crawl Stone Soup version 0.31-a0-236-g9a0961fb85 (webtiles) character file.

Game seed: 3380061809681353441

7 qw the Shooter (level 1, -3/16 HPs)
             Began as a Minotaur Hexslinger on July 10, 2023.
             Killed from afar by a dart slug (4 damage)
             ... with a slug dart
             ... on level 1 of the Dungeon.
             The game lasted 00:00:02 (70 turns).

qw the Shooter (Minotaur Hexslinger)                  Turns: 70, Time: 00:00:03

Health: -3/16      AC:  2    Str: 12    XL:     1   Next: 83%
Magic:  1/1        EV: 12    Int: 10    God:
Gold:   20         SH:  0    Dex: 12    Spells: 1/2 levels left

rFire   . . .        a - +1 sling
rCold   . . .        (no shield)
rNeg    . . .        c - +0 robe
rPois   .            (helmet restricted)
rElec   .            (no cloak)
rCorr   .            (no gloves)
SInv    .            (no boots)
Will    .....        (no amulet)
Stlth   +            (no ring)
HPRegen 0.22/turn    (no ring)
MPRegen 0.07/turn

%: no passive effects
@: no status effects
A: horns 2, retaliatory headbutt
a: no special abilities


You were on level 1 of the Dungeon.
You visited 1 branch of the dungeon, and saw 1 of its levels.

You collected 20 gold pieces.


Innate Abilities, Weirdness & Mutations

You have a pair of horns on your head.
You reflexively headbutt those who attack you in melee.


   Skills:
 - Level 1.2 Fighting
 + Level 2.9 Ranged Weapons
 - Level 2.1 Dodging
 - Level 1.0 Spellcasting
 - Level 2.0 Hexes


You had one spell level left.
You knew the following spells:

 Your Spells              Type           Power      Damage    Failure   Level
a - Slow                  Hex            16%        N/A       16%         1

Your spell library contained the following spells:

 Spells                   Type           Power      Damage    Failure   Level
 Inner Flame              Hex/Fire       2%         N/A       56%         3
 Portal Projectile        Hex/Tloc       4%         N/A       56%         3
 Cause Fear               Hex            2%         N/A       83%         4

Inventory:

Hand Weapons
 a - a +1 sling (weapon)
Armour
 c - a +0 robe (worn)
 d - a +0 cloak
Scrolls
 b - a scroll of poison

Dungeon Overview and Level Annotations

Branches:
Dungeon (1/15)

Altars:


Message History

You shoot a sling bullet.
The sling bullet closely misses the rat.
The sling bullet hits the endoplasm.
The endoplasm is moderately wounded.
The bat hits you but does no damage. The rat misses you.
The bat closely misses you.
You shoot a sling bullet.
The sling bullet barely misses the jackal.
The bat closely misses you. The jackal barely misses you. The rat bites you.
The dart slug misses you. The jackal bites you. The rat barely misses you.
You shoot a sling bullet. The sling bullet hits the jackal.
You kill the jackal!
The bat hits you but does no damage. The dart slug barely misses you.
The rat bites you but does no damage.
You shoot a sling bullet. The sling bullet hits the rat.
You kill the rat!
The bat barely misses you. You furiously retaliate!
You headbutt the bat. The bat hits you but does no damage.
A frilled lizard comes into view.
The dart slug bites you but does no damage.
You shoot a sling bullet. The sling bullet misses the bat.
The bat hits you but does no damage. The endoplasm freezes you.
You are frozen.
The dart slug barely misses you. The endoplasm barely misses you.
You shoot a sling bullet.
The sling bullet closely misses the bat.
The bat barely misses you. You furiously retaliate!
You headbutt the bat.
You kill the bat!
The dart slug launches a dart at you. The slug dart misses you.
The endoplasm hits you but does no damage.
You shoot a sling bullet. The sling bullet hits the endoplasm.
The endoplasm is almost dead.
The endoplasm freezes you.
You are frozen.
The dart slug briefly extends its eye-stalks.
The dart slug launches a dart at you. The slug dart hits you.
You die...

#....#######
#>...# #..#.#
#..#.# #+#
#..#.# # #.#
#..#.# #.. #.#
#..#.#
#..##.####..#.#
#..Kw@......#
#.##.J%####..#
#.... #..#
#l####. #..#
..# .##..# ...
##... ... ##.##
.. ..


You could see a dart slug, an endoplasm, a kobold and a frilled lizard.

Vanquished Creatures
  2 bats (D:1)
  2 jackals (D:1)
  A ball python (D:1)
  A kobold (D:1)
  A rat (D:1)
7 creatures vanquished.

Notes
Turn   | Place    | Note
-------+----------+-------------------------------------------
     0 | D:1      | qw the Minotaur Hexslinger began the quest for the Orb.
     0 | D:1      | Reached XP level 1. HP: 16/16 MP: 1/1
     0 | D:1      | 0 ||| qw: Version: 0.3-a-52-g30416fa
     0 | D:1      | 0 ||| qw: Game counter: 4781
     0 | D:1      | 0 ||| qw: Melee chars always use a shield: true
     0 | D:1      | 0 ||| qw: God list: Okawaru
     0 | D:1      | 0 ||| qw: Allow faded altars: false
     0 | D:1      | 0 ||| qw: Do Orc after clearing Dungeon:15 true
     0 | D:1      | 0 ||| qw: Do second Lair branch before Depths: true
     0 | D:1      | 0 ||| qw: Lair rune preference: random
     0 | D:1      | 0 ||| qw: Goals: Normal
     0 | D:1      | 0 ||| PLANNING D:1-11
    70 | D:1      | HP: 1/16 [frozen (4)]
    70 | D:1      | Killed from afar by a dart slug

Levels and vault maps discovered:
D:1:      eino_arrival_cavern_e, layout_basic, minmay_vboxes

Action                     || total
---------------------------++-------
   Fire: Sling             ||    16
 Armour: Robe              ||    11
  Dodge: Dodged            ||    22

Table legend:
 A = Non-vault XP
 B = Vault XP
 C = Vault XP percentage of total XP
 D = Non-vault monster count
 E = Vault monster count
 F = Vault count percentage of total count
                 A         B        C        D         E       F
            +---------+---------+-------+---------+---------+-------
      Total |       7 |       3 |  30.0 |       4 |       3 |  42.9
            +---------+---------+-------+---------+---------+-------
        D:1 |       7 |       3 |  30.0 |       4 |       3 |  42.9
            +---------+---------+-------+---------+---------+-------
